 Dungeon Crawl Stone Soup version 0.22-a0-422-g9628fc8 (webtiles) character file.

8355 Ijustatesigmund the Grappler (level 11, -22/163 HPs)
             Began as a Troll Berserker on May 17, 2018.
             Was an Elder of Trog.
             Annihilated by an orc warrior
             ... wielding a +0 flail
              (30 damage)
             ... on level 10 of the Dungeon.
             The game lasted 00:19:11 (7304 turns).

Ijustatesigmund the Grappler (Troll Berserker)      Turns: 7304, Time: 00:19:13

Health: -22/163    AC:  6    Str: 31 (32) XL:     11   Next: 8%
Magic:  0/10       EV: 16    Int:  2 (3)  God:    Trog [****..]
Gold:   450        SH:  0    Dex: 11 (12) Spells: 10/10 levels left

rFire    + . .     SeeInvis .     - Unarmed
rCold    . . .     Gourm    +   (no shield)
rNeg     . . .     Faith    .   a - +1 animal skin
rPois    .         Spirit   +   (helmet restricted)
rElec    .         Reflect  .   g - scarf {Spirit}
rCorr    .         Harm     .   (gloves unavailable)
MR       ++...                  (boots unavailable)
Stlth    ..........             (no amulet)
HPRegen  1.77/turn              w - +3 ring of evasion
MPRegen  0.12/turn              n - ring of protection from fire

@: mighty, berserking, very slightly contaminated, regenerating, hasted,
invisible, very quick
A: large, unfitting armour, claws 3, fast metabolism 3, gourmand, regeneration
1, shaggy fur 1, tough skin 2
a: Berserk, Trog's Hand, Brothers in Arms, Renounce Religion


You were on level 10 of the Dungeon.
You worshipped Trog.
Trog was greatly pleased with you.
You were very full.

You visited 1 branch of the dungeon, and saw 10 of its levels.

You collected 671 gold pieces.
You spent 221 gold pieces at shops.

Inventory:

Hand Weapons
 B - a cursed -3 giant spiked club
Missiles
 r - 2 large rocks (quivered)
Armour
 a - a +1 animal skin (worn)
 g - a scarf of spirit shield (worn)
Jewellery
 j - an uncursed ring of poison resistance
 n - a ring of protection from fire (right claw)
 u - an uncursed ring of fire
 w - a +3 ring of evasion (left claw)
Wands
 q - a wand of digging (1)
 s - a wand of scattershot (6)
Scrolls
 d - 9 scrolls of teleportation
 h - a scroll of fear
 i - 2 scrolls of magic mapping
 p - 4 scrolls of remove curse
 z - 4 scrolls of fog
Potions
 c - a potion of might
 f - 2 potions of haste
 k - a potion of mutation
 l - 2 potions of brilliance
 m - a potion of curing
 o - 2 potions of resistance
 t - a potion of lignification
 v - a potion of invisibility
 x - 2 potions of magic
Comestibles
 b - 21 rations


   Skills:
 + Level 7.2 Fighting
 * Level 2.9 Maces & Flails
 - Level 6.5 Throwing
 - Level 7.6 Dodging
 - Level 10.1 Unarmed Combat


You had 10 spell levels left.
You didn't know any spells.
Your spell library was empty.

Dungeon Overview and Level Annotations

Branches:
Dungeon (10/15)            Temple (0/1) D:5
   Lair: D:8-11         Orc: D:9-12

Altars:
Dithmenos
Elyvilon
Nemelex Xobeh
Qazlal
Ru
Sif Muna
Uskayaw
Wu Jian
Yredelemnul
Zin
Beogh

Shops:
D:5 *


Innate Abilities, Weirdness & Mutations

You are too large for most types of armour.
You have claws for hands.
Your metabolism is lightning-fast.
You like to eat raw meat.
Your natural rate of healing is unusually fast.
You are covered in fur. (AC +1)
You have very tough skin. (AC +2)


Message History

The orc warlord roars a battlecry!
The orc warrior goes into a battle-frenzy!
The two-headed ogre misses you.
The two-headed ogre hits you with a dire flail!
* * * LOW HITPOINT WARNING * * *
You strike the helpless orc warlord from behind!
You eviscerate the orc warlord!!!
You feel the power of Trog in you as your rage grows.
You kill the orc warlord!
Trog accepts your kill.
Your Maces & Flails skill increases to level 2!
You have reached level 11!
The orc wizard no longer looks unusually strong.
You scratch the two-headed ogre.
The two-headed ogre is moderately wounded.
The ufetubus shouts!
The two-headed ogre hits you with a giant spiked club!
* * * LOW HITPOINT WARNING * * *
The two-headed ogre closely misses you. The orc warrior hits you with a flail!!
You die...

#...(.### oo.$[..
#>.......
##O8$8.##
#....#... ..$_$..
##.####... #
.8)8.##.#######...
#. ?:4
.#.##........ #.o
#"# ...##.#######
#..o#####.o.##.#
#..O@oO3oo# #.#
#############.#
#########..#
#.©.......##
##...###### #####


You could see an orc high priest, a two-headed ogre, a ynoxinul, a red devil
(wandering), an orc warrior, an ogre, 3 orc priests and an orc wizard.

Vanquished Creatures
  An orc warlord (D:10)
  2 two-headed ogres (D:8)
  The ghost of Ijustatesigmund the Basher, a novice TrFi (D:7)
  The ghost of DEFE the Thaumaturge, a novice DEWn of Vehumet (D:9)
  The ghost of Gruesome the Martial Artist, a novice OpMo of Cheibriados (D:5)
  The ghost of Ijustatesigmund the Cudgeler, an amateur TrFi (D:4)
  A troll (D:10)
  A hippogriff (D:7)
  The ghost of Ijustatesigmund the Ruffian, an amateur TrBe of Trog (D:3)
  A hungry ghost (D:9)
  Menkaure (D:7)
  Edmund (D:4)
  2 orc warriors
  A phantom (D:7)
  2 sky beasts
  2 ogres
  A necrophage (D:8)
  5 centaurs
  A big kobold (D:8)
  5 bullfrogs
  A water moccasin zombie (D:5)
  11 killer bees
  5 wights (D:7)
  A howler monkey (D:6)
  3 crimson imps
  4 jellies
  A quasit (D:8)
  2 bullfrog zombies
  A bullfrog skeleton (D:4)
  A centaur skeleton (D:8)
  5 hounds
  4 orc priests
  7 orc wizards
  Natasha (thrice) (D:4)
  5 iguanas
  2 worker ants
  A hound skeleton (D:5)
  11 adders
  8 gnolls
  2 shadow imps (D:9)
  6 oozes
  An adder zombie (D:8)
  2 adder skeletons
  A worm (D:5)
  2 dart slugs (D:1)
  19 orcs
  2 ball pythons
  4 bats
  A giant cockroach (D:1)
  3 goblins (D:1)
  4 hobgoblins
  9 jackals
  7 kobolds
  A quokka (D:5)
  7 frilled lizards
  A jackal skeleton (D:8)
  6 rats
  A fungus (D:9)
187 creatures vanquished.

Notes
Turn   | Place    | Note
-------+----------+-------------------------------------------
     0 | D:1      | Ijustatesigmund the Troll Berserker began the quest for the Orb.
     0 | D:1      | Reached XP level 1. HP: 22/22 MP: 0/0
   295 | D:1      | Reached XP level 2. HP: 29/29 MP: 1/1
   378 | D:1      | Reached skill level 4 in Unarmed Combat
   708 | D:2      | Reached XP level 3. HP: 36/36 MP: 2/2
   791 | D:2      | Reached ** piety under Trog
  1335 | D:3      | Noticed a bullfrog
  1352 | D:3      | Killed a bullfrog
  1352 | D:3      | Reached skill level 5 in Unarmed Combat
  1352 | D:3      | Reached XP level 4. HP: 26/44 MP: 1/3
  1373 | D:3      | Noticed Ijustatesigmund's ghost (amateur TrBe)
  1433 | D:3      | Killed Ijustatesigmund's ghost
  1433 | D:3      | Reached skill level 6 in Unarmed Combat
  1433 | D:3      | Reached XP level 5. HP: 50/50 MP: 2/4
  1541 | D:3      | Reached XP level 6. HP: 59/59 MP: 5/5
  1797 | D:3      | Found a glowing silver altar of Zin.
  1822 | D:3      | Found an ornate altar of the Wu Jian Council.
  1920 | D:4      | Reached skill level 7 in Unarmed Combat
  2039 | D:4      | Noticed Ijustatesigmund's ghost (amateur TrFi)
  2044 | D:4      | Killed Ijustatesigmund's ghost
  2044 | D:4      | Reached XP level 7. HP: 71/71 MP: 6/6
  2192 | D:4      | Noticed Edmund
  2212 | D:4      | Killed Edmund
  2212 | D:4      | Reached skill level 5 in Fighting
  2433 | D:4      | Noticed Natasha
  2447 | D:4      | Killed Natasha
  2598 | D:4      | Found a stormy altar of Qazlal.
  2640 | D:4      | Noticed Natasha
  2646 | D:4      | Killed Natasha
  2677 | D:4      | Noticed Natasha
  2682 | D:4      | Killed Natasha
  2682 | D:4      | Reached skill level 1 in Throwing
  2778 | D:5      | Entered Level 5 of the Dungeon
  2932 | D:5      | Reached *** piety under Trog
  2932 | D:5      | Reached XP level 8. HP: 81/81 MP: 5/7
  3051 | D:5      | Found Ropn's Assorted Antiques.
  3061 | D:5      | Bought 2 scrolls labeled GAPNOO ASAUF for 46 gold pieces
  3061 | D:5      | Bought a bubbling ruby potion for 20 gold pieces
  3061 | D:5      | Bought an emerald potion for 20 gold pieces
  3061 | D:5      | Bought a golden potion for 20 gold pieces
  3061 | D:5      | Bought a jade ring for 115 gold pieces
  3121 | D:5      | Found a staircase to the Ecumenical Temple.
  3389 | D:5      | Noticed Gruesome's ghost (novice OpMo)
  3396 | D:5      | Killed Gruesome's ghost
  3396 | D:5      | Reached skill level 8 in Unarmed Combat
  4009 | D:7      | Noticed Menkaure
  4099 | D:7      | Reached XP level 9. HP: 87/89 MP: 8/8
  4141 | D:7      | Reached skill level 9 in Unarmed Combat
  4234 | D:7      | Reached skill level 5 in Throwing
  4325 | D:7      | Found a hide-covered altar of Uskayaw.
  4334 | D:7      | Killed Menkaure
  4501 | D:7      | Reached **** piety under Trog
  4546 | D:7      | Noticed Ijustatesigmund's ghost (novice TrFi)
  4560 | D:7      | Killed Ijustatesigmund's ghost
  4560 | D:7      | Reached skill level 10 in Unarmed Combat
  4766 | D:7      | Found a deep blue altar of Sif Muna.
  4934 | D:8      | Reached XP level 10. HP: 97/100 MP: 9/9
  5074 | D:8      | Noticed a two-headed ogre
  5082 | D:8      | Killed a two-headed ogre
  5429 | D:8      | Received a gift from Trog
  5661 | D:8      | Noticed a two-headed ogre
  5672 | D:8      | Killed a two-headed ogre
  5672 | D:8      | Reached skill level 5 in Dodging
  6136 | D:9      | Found a sparkling altar of Nemelex Xobeh.
  6403 | D:9      | Noticed DEFE's ghost (novice DEWn)
  6416 | D:9      | Killed DEFE's ghost
  6479 | D:9      | Found a shadowy altar of Dithmenos.
  6531 | D:9      | Found a white marble altar of Elyvilon.
  6614 | D:9      | Found a basalt altar of Yredelemnul.
  7003 | D:10     | Entered Level 10 of the Dungeon
  7005 | D:10     | Found a sacrificial altar of Ru.
  7103 | D:10     | Reached skill level 1 in Maces & Flails
  7259 | D:10     | Found a transporter.
  7268 | D:10     | Noticed an orc warlord
  7268 | D:10     | Found a roughly hewn altar of Beogh.
  7271 | D:10     | Noticed an orc high priest
  7275 | D:10     | Noticed a two-headed ogre
  7303 | D:10     | Killed an orc warlord
  7303 | D:10     | Reached XP level 11. HP: 17/109 MP: 0/10
  7304 | D:10     | HP: 8/163 [two-headed ogre/giant spiked club (12)]
  7304 | D:10     | Annihilated by an orc warrior

Vault maps used:
D:1:      tarquinn_simple_flora_water_e, lemuel_another_geyser
D:3:      nicolae_overflow_crystal_walls, lemuel_doored_altar
D:4:      marbit_many_paths, first_ration, kennysheep_generic_room_5,
          uniq_edmund, uniq_natasha
D:5:      minmay_temple_entry_statues_pillars, serial_shops, shop
D:7:      kennysheep_mini, serial_park_tiny_1, lemuel_centaur_altar,
          uniq_menkaure
D:8:      nicolae_overflow_hidden_temple, corexii_leaking_fountain,
          hangedman_little_slice_of_home
D:9:      kennysheep_ying_yang, nemelex_xobeh_ov_fountains_minmay,
          minmay_gold_behind_fungi, grunt_dithmenos_shadows
D:10:     gammafunk_beogh_shrine, david_lair_shrubbed, basic_altar,
          evilmike_butchery

Skill      XL: |  1  2  3  4  5  6  7  8  9 10 |
---------------+-------------------------------+-----
Unarmed Combat | 4 5 6 7 8 10 | 10.1
Fighting       | 4 5 6 7 |  7.2
Throwing       | 1 4 6 |  6.5
Dodging        | 7 |  7.6
Maces & Flails | 2 |  2.9

Action                   |  1- 3 |  4- 6 |  7- 9 | 10-12 || total
-------------------------+-------+-------+-------+-------++-------
Melee: Unarmed           |    99 |    42 |   215 |   196 ||   552
       Punch             |       |     3 |    10 |     9 ||    22
Throw: Large rock        |       |       |     4 |       ||     4
       Throwing net      |       |       |     2 |     1 ||     3
Invok: Berserk           |     1 |     2 |     7 |     3 ||    13
       Trog's Hand       |       |       |     4 |     2 ||     6
       Brothers in Arms  |       |       |       |     1 ||     1
Evoke: Wand              |       |       |       |     2 ||     2
  Use: Scroll            |     6 |     2 |     5 |     5 ||    18
       Potion            |       |       |     1 |    11 ||    12
 Stab: Sleeping          |     1 |       |       |     1 ||     2
       Invisible         |       |       |       |     2 ||     2
  Eat: Chunk             |     9 |    11 |    30 |    30 ||    80
       Ration            |       |     1 |       |     2 ||     3
Armor: Animal skin       |    41 |    10 |    42 |    36 ||   129
Dodge: Dodged            |    66 |    13 |   101 |   105 ||   285

Table legend:
 A = Spawn XP
 B = Non-spawn XP
 C = Spawn XP percentage of total XP
 D = Spawn monster count
 E = Non-spawn monster count
 F = Spawn count percentage of total count
 G = Total turns spent on level
                    A         B        C        D         E        F      G
               +---------+---------+-------+---------+---------+-------+---------
         Total |       0 |   11936 |   0.0 |       0 |     186 |   0.0 |  7304
               +---------+---------+-------+---------+---------+-------+---------
           D:1 |       0 |      40 |   0.0 |       0 |      22 |   0.0 |   697
           D:2 |       0 |      35 |   0.0 |       0 |       9 |   0.0 |   606
           D:3 |       0 |     324 |   0.0 |       0 |      11 |   0.0 |   616
           D:4 |       0 |     878 |   0.0 |       0 |      21 |   0.0 |   859
           D:5 |       0 |    1023 |   0.0 |       0 |      20 |   0.0 |   778
           D:6 |       0 |     456 |   0.0 |       0 |      14 |   0.0 |   531
           D:7 |       0 |    2747 |   0.0 |       0 |      26 |   0.0 |   834
           D:8 |       0 |    2729 |   0.0 |       0 |      33 |   0.0 |  1211
           D:9 |       0 |    2057 |   0.0 |       0 |      26 |   0.0 |   871
          D:10 |       0 |    1647 |   0.0 |       0 |       4 |   0.0 |   301
               +---------+---------+-------+---------+---------+-------+---------
